 Dungeon Crawl Stone Soup version 0.30.0-16-gbe6223bb7e (webtiles) character file.

Game seed: 17176366243036350217

100 Agrostarius the Trooper (level 5, -3/41 HPs)
             Began as a Human Berserker on May 20, 2023.
             Was a Believer of Trog.
             Succumbed to a scorpion's poison
             ... on level 4 of the Dungeon.
             The game lasted 00:07:10 (2828 turns).

Agrostarius the Trooper (Human Berserker)           Turns: 2828, Time: 00:07:11

Health: -3/41      AC:  5    Str: 19    XL:     5   Next: 3%
Magic:  5/5        EV: 11    Int:  7    God:    Trog [**....]
Gold:   197        SH:  0    Dex: 13    Spells: 4/4 levels left

rFire   . . .        x - +1 dagger "Ynuniosk" {holy, Will+}
rCold   . . .        (no shield)
rNeg    + . .        d - +0 ring mail
rPois   .            (no helmet)
rElec   .            (no cloak)
rCorr   .            (no gloves)
SInv    .            (no boots)
Will    +....        f - amulet of regeneration
Stlth   +            p - ring of flight
HPRegen 1.06/turn    o - ring of positive energy
MPRegen 0.09/turn

%: no passive effects
@: lethally poisoned (-3 -> -14), flying
A: no striking features
a: Renounce Religion, Berserk, Trog's Hand


You were on level 4 of the Dungeon.
You worshipped Trog.
Trog was pleased with you.
You visited 1 branch of the dungeon, and saw 4 of its levels.

You collected 197 gold pieces.

Inventory:

Hand Weapons
 a - a +0 hand axe
 g - a +1 short sword of speed
 x - the +1 dagger "Ynuniosk" (weapon) {holy, Will+}
   (You found it on level 3 of the Dungeon)

   Will:      It increases your willpower.
Missiles
 j - 3 poisoned darts (quivered)
 k - 2 boomerangs
Armour
 b - a +0 animal skin
 c - a +0 robe
 d - a +0 ring mail (worn)
Jewellery
 f - an amulet of regeneration (around neck)
 o - a ring of positive energy (right hand)
 p - a ring of flight (left hand)
 r - a +4 ring of protection
Scrolls
 h - a scroll of fear {unknown}
 i - 4 scrolls of identify {unknown}
 n - a scroll of vulnerability {unknown}
 t - a scroll of brand weapon {unknown}
 w - 2 scrolls of enchant weapon {unknown}
Potions
 e - a potion of flight {unknown}
 l - 3 potions of berserk rage {unknown}
 m - a potion of might {unknown}
 q - a potion of lignification {unknown}
 s - 4 potions of curing {unknown}
 u - a potion of degeneration {unknown}
 v - 2 potions of haste
 z - a potion of attraction {unknown}


   Skills:
 + Level 3.5 Fighting
 * Level 2.3 Short Blades
 - Level 3.2 Axes
 * Level 1.1 Throwing
 + Level 2.5 Armour
 + Level 2.3 Dodging


You had 4 spell levels left.
You didn't know any spells.
Your spell library contained the following spells:

 Spells                   Type           Power      Damage    Failure   Level
 Apportation              Tloc           0%         N/A       61%         1
 Magic Dart               Conj           0%         1d3       61%         1
 Necrotise                Necr           0%         1d4       61%         1
 Summon Small Mammal      Summ           0%         N/A       61%         1
 Searing Ray              Conj           0%         2d4       75%         2
 Fulminant Prism          Conj/Hex       0%         3d5       100%        4


Dungeon Overview and Level Annotations

Branches:
Dungeon (4/15)
 Temple: D:4-7

Altars:
Elyvilon
Wu Jian


Message History

The scorpion is lightly wounded.
You feel sick. The scorpion closely misses you.
You hit the scorpion.
The scorpion is moderately wounded.
You feel sick. The scorpion stings you.
You are more poisoned.
The scorpion poisons you!
You completely miss the scorpion.
The scorpion is moderately wounded.
You feel very sick. The scorpion stings you. x2
You are more poisoned.
The scorpion poisons you!
You barely miss the scorpion.
The scorpion is moderately wounded.
You feel very sick. The scorpion barely misses you.
You hit the scorpion but do no damage.
The scorpion is moderately wounded.
You feel very sick. The scorpion closely misses you.
You hit the scorpion but do no damage.
The scorpion is moderately wounded.
You feel very sick. The scorpion misses you.
You hit the scorpion.
The scorpion is moderately wounded.
You feel sick. The scorpion stings you.
* * * LOW HITPOINT WARNING * * *
You are lethally poisoned!
The scorpion poisons you!
You hit the scorpion but do no damage.
The scorpion is moderately wounded.
* * * LOW HITPOINT WARNING * * *
You feel very sick. The scorpion stings you.
* * * LOW HITPOINT WARNING * * *
You hit the scorpion but do no damage.
The scorpion is moderately wounded.
You die...

##.... .......
.(.... ........
.....# ........
#(... ........
#....#...[..$.
#....#......
#..s..#...>.
######@..#
#..#.....##
#..#......#
######.....#...#
#..#.......#....#
#..#.....#####...#
######.....#..#
...#
#..#.......#..#
....#
...#.....######
.....


You could see a scorpion.

Vanquished Creatures
  A gnoll (D:3)
  3 adders
  A worm (D:3)
  2 dart slugs
  An orc (D:3)
  2 ball pythons
  5 endoplasms
  A giant cockroach (D:3)
  9 goblins
  5 hobgoblins
  4 jackals (D:2)
  3 kobolds (D:1)
  3 quokkas
  4 bats
  6 frilled lizards (D:1)
  4 rats
54 creatures vanquished.

Notes
Turn   | Place    | Note
-------+----------+-------------------------------------------
     0 | D:1      | Agrostarius the Human Berserker began the quest for the
                  | Orb.
     0 | D:1      | Reached XP level 1. HP: 18/18 MP: 1/1
   147 | D:1      | Reached XP level 2. HP: 22/24 MP: 2/2
   622 | D:1      | Reached XP level 3. HP: 29/29 MP: 3/3
   865 | D:2      | Reached skill level 1 in Short Blades
   999 | D:2      | Reached ** piety under Trog
  1043 | D:2      | Found a faded altar of an unknown god.
  1282 | D:2      | Reached XP level 4. HP: 35/35 MP: 4/4
  1938 | D:3      | Reached skill level 1 in Throwing
  1982 | D:3      | Found an ornate altar of the Wu Jian Council.
  2287 | D:3      | Found a white marble altar of Elyvilon.
  2621 | D:3      | Reached XP level 5. HP: 41/41 MP: 5/5
  2627 | D:3      | Identified the +1 dagger "Ynuniosk" {holy, Will+}
  2827 | D:4      | HP: 1/41 [scorpion (4)]
  2828 | D:4      | Succumbed to a scorpion's poison

Illustrated notes

Levels and vault maps discovered:
D:1:      roderic_chinese_lattice_arrival, layout_basic, minmay_lizard_pond
D:2:      layout_basic, hellmonk_ecumenical_altar_pennies_from_heaven
D:3:      layout_loops_corners, lemuel_tele_altar,
          nicolae_wu_jian_glorious_leap, st_stairs_10,
          minmay_fractal_squares_gapless_5
D:4:      layout_cave_pods, serial_column_ruins, column_ruins_hut,
          column_ruins_corridor_straight, column_ruins_open_medium,
          column_ruins_grid_1, column_ruins_corridor_corner,
          column_ruins_grid_2, hangedman_decor_push

Skill      XL: |  1  2  3  4 |
---------------+-------------+-----
Short Blades   | 1 2 |  2.3
Throwing       | 1 |  1.1
Fighting       | |  3.5
Axes           | |  3.2
Armour         | |  2.5
Dodging        | |  2.3

Action                     |  1- 3 |  4- 6 || total
---------------------------+-------+-------++-------
  Melee: Hand axe          |     7 |       ||     7
         Short sword       |   104 |    82 ||   186
         Punch             |     1 |     1 ||     2
         Dagger            |       |    18 ||    18
  Throw: Dart              |       |     2 ||     2
 Invoke: Berserk           |       |     1 ||     1
 Armour: Robe              |     1 |       ||     1
         Ring mail         |    39 |    21 ||    60
  Dodge: Dodged            |    52 |    32 ||    84
